AoeStats
← Mariov1989

Golden Pit

509919762Analyzed
1v1 RM · 2d ago on Sep 28, 2026· 31m 33s· 2 players
Game mode
Random Map
Map size
Tiny (2 player)
Population
200
Speed
Normal
Resources
Standard
Victory
Conquest
Starting age
Dark Age
Ending age
Imperial Age
RankedLock teamsTeams togetherTeam positionsShared explorationLock speedFull tech treeHidden civsTurbo modeCheats
Victory
Defeat
🇪🇸 Aztecs · Spain
1145
+16
🇷🇺 Saracens · Russia
1135
-16
R-Y
6:37 Loom
10:38 Feudal Age
11:59 Double-Bit Axe
11:45 Man-at-Arms
17:26 Castle Age
15:46 Horse Collar
17:03 Scale Mail Armor
18:23 Long Swordsman
21:45 Forging
25:00 Wheelbarrow
25:00 Heavy Plow
25:19 Bow Saw
26:08 Squires
27:36 Chain Mail Armor
29:22 Town Watch
30:46 Iron Casting
Mariov1989
7:41 Loom
10:29 Feudal Age
11:35 Horse Collar
12:32 Man-at-Arms
15:47 Double-Bit Axe
19:42 Castle Age
17:57 Scale Mail Armor
18:43 Forging
19:04 Gold Mining
19:43 Arson
19:51 Long Swordsman
21:00 Squires
21:22 Chain Mail Armor
21:48 Bow Saw
23:16 Gambesons
24:05 Town Watch
25:43 Iron Casting
28:12 Eagle Warrior
29:35 Gold Shaft Mining
31:22 Town Patrol
31:58 Wheelbarrow
31:15 Stone Mining
Connection lost

Rejoining the realm…

Still unreachable

The connection could not be restored.

Session expired

The server has moved on; the page needs a fresh start.